 Dungeon Crawl Stone Soup version 0.26-a0-642-g67e99244d3 (webtiles) character file.

Game seed: 693624756657015343

6358 DogServant the Geomancer (level 10, -1/57 HPs)
             Began as a Gargoyle Earth Elementalist on Sept 22, 2020.
             Killed by refrigeration
             ... invoked by Fannar
              (26 damage)
             ... on level 10 of the Dungeon.
             The game lasted 00:26:44 (11680 turns).

DogServant the Geomancer (GrEE)                    Turns: 11680, Time: 00:26:45

Health: -1/57      AC: 17    Str: 12    XL:     10   Next: 96%
Magic:  0/19       EV: 12    Int: 19    God:
Gold:   510        SH:  4    Dex: 10    Spells: 4/21 levels left

rFire    + . .     SeeInvis .   A - +1 dagger (venom)
rCold    . . .     Faith    .   y - +0 buckler
rNeg     + + .     Spirit   .   j - +2 robe {rF+}
rPois    ∞         Reflect  .   (no helmet)
rElec    +         Harm     .   u - +1 cloak
rCorr    .         Rampage  .   D - +2 pair of gloves
MR       .....                  r - +0 pair of boots
Stlth    ++........             (no amulet)
HPRegen  0.19/turn              x - ring of positive energy
MPRegen  0.16/turn              v - ring of wizardry

@: no status effects
A: negative energy resistance 1, electricity resistance, unbreathing,
petrification resistance, rot immunity, AC +7
a: no special abilities


You were on level 10 of the Dungeon.
You visited 1 branch of the dungeon, and saw 9 of its levels.

You collected 510 gold pieces.

Inventory:

Hand Weapons
 a - a +1 whip
 A - a +1 dagger of venom (weapon)
Missiles
 b - 9 stones (quivered)
Armour
 c - a +0 robe
 j - a +2 robe of fire resistance (worn)
 r - a +0 pair of boots (worn)
 u - a +1 cloak (worn)
 y - a +0 buckler (worn)
 D - a +2 pair of gloves (worn)
 L - +0 acid dragon scales
Jewellery
 t - an uncursed ring of resist corrosion
 v - a ring of wizardry (right hand)
 x - a ring of positive energy (left hand)
Wands
 z - a wand of random effects (16)
 C - a wand of polymorph (4)
 E - a wand of flame (33)
Scrolls
 d - a scroll of holy word {unknown}
 e - 7 scrolls of teleportation
 m - 5 scrolls of remove curse
 o - 2 scrolls of enchant weapon
 w - 2 scrolls of enchant armour
 F - a scroll of identify
 G - a scroll of vulnerability {unknown}
 H - a scroll of amnesia {unknown}
 J - a scroll of fog {unknown}
 K - a scroll of noise {unknown}
Potions
 f - 2 potions of flight
 g - a potion of might
 h - a potion of berserk rage
 i - a potion of degeneration
 k - a potion of haste {unknown}
 l - 6 potions of curing
 n - 2 potions of lignification {unknown}
 p - a potion of stabbing {unknown}
 q - a potion of brilliance {unknown}
 s - a potion of cancellation {unknown}
 B - a potion of resistance {unknown}
 I - a potion of magic {unknown}


   Skills:
 - Level 4.3 Fighting
 - Level 1.5 Dodging
 - Level 2.1 Stealth
 - Level 4.0 Shields
 - Level 6.3 Spellcasting
 + Level 7.5 Conjurations
 - Level 3.5 Translocations
 + Level 5.8 Transmutations
 + Level 9.8 Earth Magic
 + Level 3.2 Evocations


You had 4 spell levels left.
You knew the following spells:

 Your Spells              Type           Power        Failure   Level
a - Sandblast             Erth           #####.       1%          1
b - Stone Arrow           Conj/Erth      #####.       1%          3
c - Passwall              Tmut/Erth      #####...     1%          2
d - Blink                 Tloc           N/A          1%          2
e - Petrify               Tmut/Erth      #####...     1%          4
f - Lee's Rapid Deconstr  Erth           #####.....   2%          5

Your spell library contained the following spells:

 Spells                   Type           Power        Failure   Level
 Foxfire                  Conj/Fire      ###.         1%          1
 Magic Dart               Conj           ####         1%          1
 Conjure Flame            Conj/Fire      ###.....     2%          3
 Mephitic Cloud           Conj/Pois/Air  ###.....     4%          3
 Call Imp                 Summ           #.......     7%          2
 Slow                     Hex            #.......     7%          2
 Sticky Flame             Conj/Fire      ###.....     9%          4
 Inner Flame              Hex/Fire       #.......     13%         3
 Fireball                 Conj/Fire      ###.......   26%         5


Dungeon Overview and Level Annotations

Branches:
Dungeon (10/15)               Orc (0/2) D:9
 Temple: D:4-7         Lair: D:8-11

Altars:
Dithmenos
Trog
Xom
The Shining One

Shops:
D:6 [(   D:7 [:   D:8 ?

Annotations:
D:7 Harold
D:8 1 runed translucent door, Maurice
D:10 Fannar


Innate Abilities, Weirdness & Mutations

You are resistant to torment.
Your stone body is resilient. (AC +7)
You are immune to poison.
You resist negative energy. (rN+)
You are resistant to electric shocks. (rElec)
You can survive without breathing.
You are immune to petrification.
You are immune to rotting.


Message History

Confirm with . or Enter, or press ? or * to list all spells.
Aiming: Sandblast (safe; 1% risk of failure)
Press: ? - help, Shift-Dir - straight line, f/p - Fannar
Aim: Fannar, wielding a +0 quarterstaff of freezing, wearing a +1 robe of cold resistance and wearing an uncursed ring of ice (heavily wounded, covered in an icy film)
The blast of sand hits Fannar.
Fannar is heavily wounded.
b - 10 stones Fannar hits you but does no damage.
Casting: Sandblast (safe; 1% risk of failure)
Confirm with . or Enter, or press ? or * to list all spells.
Aiming: Sandblast (safe; 1% risk of failure)
Press: ? - help, Shift-Dir - straight line, f/p - Fannar
Aim: Fannar, wielding a +0 quarterstaff of freezing, wearing a +1 robe of cold resistance and wearing an uncursed ring of ice (heavily wounded, covered in an icy film)
The blast of sand hits Fannar.
Fannar is heavily wounded.
b - 9 stones Fannar casts a spell.
Fannar drains the heat from the surrounding environment!
You feel very cold.
You die...

###
..#
#.#
#.#
#@#
#e#
#Y#
.Y.
###


You could see Fannar (icy armour) and 2 ice beasts.

Vanquished Creatures
  Erica (D:8)
  Pikel (D:6)
  Joseph (D:7)
  Maggie (D:8)
  3 trolls
  Grum (D:8)
  5 orc warriors
  4 phantoms
  3 ice beasts
  A sky beast (D:9)
  3 ogres
  A centaur (D:7)
  3 wolves (D:8)
  Blork the orc (D:6)
  A bullfrog (D:6)
  2 scorpions
  A water moccasin skeleton (D:7)
  11 killer bees (D:7)
  7 wights (D:8)
  An electric eel (D:7)
  A howler monkey (D:5)
  A bullfrog zombie (D:7)
  A jelly (D:7)
  2 quasits (D:8)
  2 hounds (D:5)
  Crazy Yiuf (D:6)
  A gnoll shaman (D:9)
  2 orc priests
  A centaur skeleton (D:9)
  2 iguanas
  3 bullfrog skeletons
  3 orc wizards (D:9)
  7 worker ants
  A hound zombie (D:6)
  A worker ant zombie (D:5)
  8 gnolls (D:9)
  11 adders
  A shadow imp (D:5)
  2 white imps
  2 oozes
  An adder skeleton (D:8)
  2 worms (D:3)
  2 dart slugs
  A leopard gecko (D:1)
  14 orcs
  8 bats
  4 giant cockroaches
  6 goblins
  5 hobgoblins
  12 jackals
  3 kobolds
  2 quokkas
  A ball python skeleton (D:5)
  3 frilled lizards
  A jackal skeleton (D:7)
  A quokka zombie (D:5)
  9 rats
180 creatures vanquished.

Vanquished Creatures (others)
  32 plants (D:7)
32 creatures vanquished.

Grand Total: 212 creatures vanquished

Notes
Turn   | Place    | Note
-------+----------+-------------------------------------------
     0 | D:1      | DogServant the Gargoyle Earth Elementalist began the quest
                  | for the Orb.
     0 | D:1      | Reached XP level 1. HP: 10/10 MP: 3/3
   183 | D:1      | Reached skill level 4 in Earth Magic
   183 | D:1      | Reached XP level 2. HP: 6/15 MP: 3/5
   506 | D:1      | Found a glowing golden altar of the Shining One.
   716 | D:1      | Reached XP level 3. HP: 19/19 MP: 6/6
   733 | D:1      | Learned a level 3 spell: Stone Arrow
   742 | D:1      | Learned a level 2 spell: Passwall
  1682 | D:2      | Found a bloodstained altar of Trog.
  2221 | D:3      | Reached XP level 4. HP: 23/24 MP: 8/8
  2454 | D:3      | Reached skill level 1 in Transmutations
  2454 | D:3      | Reached skill level 5 in Earth Magic
  2647 | D:3      | You fall into a shaft and drop 2 floors!
  2647 | D:5      | Entered Level 5 of the Dungeon
  2832 | D:5      | Reached skill level 1 in Fighting
  2832 | D:5      | Reached skill level 1 in Conjurations
  2832 | D:5      | Reached XP level 5. HP: 29/29 MP: 6/9
  2888 | D:5      | Learned a level 2 spell: Blink
  2995 | D:5      | Reached XP level 6. HP: 35/35 MP: 3/11
  3434 | D:5      | Noticed a phantom
  3440 | D:5      | Killed a phantom
  3667 | D:5      | Learned a level 4 spell: Petrify
  3890 | D:5      | Found a shimmering altar of Xom.
  3998 | D:6      | Reached XP level 7. HP: 34/40 MP: 9/13
  4287 | D:6      | Reached skill level 1 in Shields
  4364 | D:6      | Reached skill level 1 in Translocations
  4364 | D:6      | Reached skill level 6 in Earth Magic
  4511 | D:6      | Found Iroc's Antique Weapon Shoppe.
  4702 | D:6      | Found Hewnokab's Armour Boutique.
  4731 | D:6      | Noticed Pikel
  5050 | D:6      | Noticed Blork the orc
  5060 | D:6      | Killed Blork the orc
  5060 | D:6      | Reached XP level 8. HP: 36/45 MP: 2/14
  5197 | D:6      | Found a runed translucent door.
  5198 | D:6      | Noticed Crazy Yiuf
  5506 | D:6      | Killed Crazy Yiuf
  5602 | D:7      | Noticed Harold
  5958 | D:7      | Noticed Joseph
  5995 | D:7      | Killed Joseph
  5995 | D:7      | Reached skill level 5 in Spellcasting
  5995 | D:7      | Reached skill level 7 in Earth Magic
  6300 | D:7      | Found Zeoc's Book Emporium.
  6325 | D:7      | Reached XP level 9. HP: 37/49 MP: 9/16
  6542 | D:7      | Found Dusheit's Antique Armour Boutique.
  6763 | D:8      | Found a shadowy altar of Dithmenos.
  6812 | D:8      | Reached skill level 5 in Conjurations
  7067 | D:8      | Noticed Erica
  7272 | D:8      | Killed Erica
  7272 | D:8      | Reached skill level 8 in Earth Magic
  7437 | D:8      | Noticed Maurice
  7440 | D:8      | HP: 1/51 [acid (14)]
  7624 | D:8      | Noticed Grum
  7625 | D:8      | Noticed a troll
  7647 | D:8      | Killed Grum
  7647 | D:8      | Reached XP level 10. HP: 16/56 MP: 1/19
  8157 | D:8      | Found Humpoe Qoaj's Magic Scroll Shop.
  8410 | D:8      | Noticed Maggie
  8741 | D:9      | Reached skill level 5 in Transmutations
  8780 | D:9      | Reached skill level 1 in Evocations
  8900 | D:9      | Learned a level 5 spell: Lee's Rapid Deconstruction
  9024 | D:9      | Reached skill level 9 in Earth Magic
 10198 | D:9      | Found a staircase to the Orcish Mines.
 10291 | D:8      | Found a runed translucent door.
 10291 | D:8      | Noticed a fire dragon
 10293 | D:8      | Noticed a four-headed hydra
 10293 | D:8      | Noticed a death knight
 10293 | D:8      | Noticed a cyclops
 10398 | D:8      | Killed Maggie
 11284 | D:6      | Killed Pikel
 11669 | D:10     | Entered Level 10 of the Dungeon
 11669 | D:10     | Noticed Fannar
 11680 | D:10     | Killed from afar by Fannar

Illustrated notes

Levels and vault maps discovered:
D:1:      roderic_dead_forest, layout_loops_cross, tso_altar
D:2:      layout_basic, lightli_temple_of_fire, chequers_serial_rivers_room_b,
          minmay_circle_x
D:3:      layout_rooms, old_standard_altar, gammafunk_ghost_nasty_kobolds
D:5:      layout_loops_ring, kennysheep_mini, nrook_mini_backslash
D:6:      layout_loops_ring, serial_shops, shop,
          nicolae_shop_temple_entry_statues_fountains, uniq_blork_the_orc,
          uniq_crazy_yiuf_cottage, uniq_pikel
D:7:      layout_basic, serial_shops, shop, nicolae_shop_statue_plus,
          serial_bayou_lagoon_a, kennysheep_generic_room_16, uniq_harold,
          uniq_joseph
D:8:      minmay_gate_of_8, layout_basic, lemuel_round_altar, serial_shops,
          shop, uniq_maggie, uniq_erica, uniq_grum, uniq_maurice
D:9:      layout_small_grid, david_orc_4
D:10:     minmay_the_grid_triangle_9x9_rhombus_thin_mashed
          [minmay_the_grid_triangle_9x9_stretched_checkered,
          minmay_the_grid_triangle_9x9_prize_insulated,
          minmay_the_grid_triangle_9x9_shrine,
          minmay_the_grid_triangle_9x9_impossible_snake], layout_loops_ring,
          david_lair_generic, basic_altar, uniq_fannar

Skill      XL: |  1  2  3  4  5  6  7  8  9 10 |
---------------+-------------------------------+-----
Earth Magic    | 4 5 6 7 8 9 |  9.8
Spellcasting   | 3 4 5 6 |  6.3
Transmutations | 1 2 3 4 5 |  5.8
Fighting       | 1 2 3 4 |  4.3
Conjurations   | 1 2 3 4 6 7 |  7.5
Shields        | 2 3 4 |  4.0
Translocations | 1 2 3 |  3.5
Evocations     | 3 |  3.2
Dodging        | |  1.5
Stealth        | |  2.1

Action                   |  1- 3 |  4- 6 |  7- 9 | 10-12 || total
-------------------------+-------+-------+-------+-------++-------
Melee: Whip              |   149 |    68 |    96 |       ||   313
       Unarmed           |     2 |       |       |       ||     2
       Dagger            |       |       |       |    79 ||    79
 Cast: Sandblast         |    16 |    56 |   110 |    75 ||   257
       Stone Arrow       |       |     4 |    47 |    60 ||   111
       Petrify           |       |       |     2 |       ||     2
  Use: Scroll            |     1 |     7 |     4 |       ||    12
       Potion            |       |       |     2 |     1 ||     3
 Stab: Sleeping          |     8 |     1 |       |       ||     9
       Distracted        |     1 |       |       |       ||     1
Armor: Robe              |    76 |    37 |   109 |    50 ||   272
       Skin              |       |       |       |    35 ||    35
Dodge: Dodged            |   121 |    85 |   144 |    52 ||   402
Block: Buckler           |       |       |     4 |    30 ||    34

Table legend: (Time is in decaauts)
 A = Elapsed time spent in this place.
 B = Non-inter-level travel time spent in this place.
 C = Inter-level travel time spent in this place.
 D = Time resting spent in this place.
 E = Time spent auto-exploring this place.
 F = Levels seen in this place.
 G = Mean time per level.
                   A        B        C        D        E       F      G
               +--------+--------+--------+--------+--------+-----+--------+
         Total |  11709 |  11352 |    357 |   3394 |   5922 |   9 | 1301.0 |
       Dungeon |  11709 |  11352 |    357 |   3394 |   5922 |   9 | 1301.0 |
               +--------+--------+--------+--------+--------+-----+--------+

Top non-repeatable levels by time:
     D:8: 2252 daAuts
     D:9: 1894 daAuts
     D:5: 1793 daAuts
     D:7: 1655 daAuts
     D:6: 1433 daAuts
     D:1: 1279 daAuts
     D:2: 955 daAuts
     D:3: 434 daAuts
    D:10: 10 daAuts
